Map: Oxide LE

Players

HeroMarine

  • Race: Terran Terran
  • League: Grandmaster

Serral - Winner!

  • Race: Zerg Zerg

Event: DreamHack SC2 Masters 2021 Fall

VOD

Have the link to the VOD?

Description

Time

  • Played on: Sept. 11, 2021, 11:09 a.m.
  • Length: 15:40

All games in this series

Show
View Real Time Build Order
Export as new Build Order

HeroMarine Terran 

Build Orders: Hellion Opening, Reaper Expand 

Get SALT Encoding   

  12  0:00  SCV  
  13  0:12  SCV  
  14  0:17  Supply Depot  
  14  0:24  SCV  
  15  0:38  SCV  
  15  0:39  Barracks  
  15  0:42  Refinery  
  16  0:50  SCV  
  17  1:02  SCV  
  18  1:15  SCV  
  19  1:25  Reaper  
  19  1:27  Orbital Command  
  20  1:38  Command Center  
  20  1:49  Supply Depot  
  20  1:52  SCV  
  21  1:57  Marine  
  22  2:05  SCV  
  22  2:07  Factory  
  23  2:17  SCV  
  23  2:19  Barracks Reactor  
  24  2:29  SCV  
  25  2:41  SCV  
  25  2:42  Command Center  
  26  2:50  Orbital Command  
  26  2:53  SCV  
  27  2:59  Starport  
  27  3:03  Hellion  
  29  3:07  Hellion  
  29  3:10  SCV  
  32  3:13  Refinery  
  32  3:16  SCV  
  33  3:22  SCV  
  33  3:24  Hellion  
  36  3:28  Hellion  
  36  3:29  SCV  
  39  3:34  SCV  
  39  3:35  Viking  
  39  3:37  Marine  
  43  3:41  SCV  
  43  3:46  Hellion  
  46  3:54  SCV, Orbital Command, Hellion  
  49  3:57  Barracks Tech Lab  
  49  3:58  SCV  
  50  4:05  Liberator  
  50  4:06  SCV  
  54  4:10  SCV, Supply Depot  
  54  4:15  Hellion  
  57  4:18  SCV, Hellion  
  57  4:22  SCV  
  61  4:25  Stimpack  
  61  4:31  SCV x2  
  61  4:33  Marine, Supply Depot  
  61  4:34  SCV  
  65  4:43  SCV x2  
  65  4:45  Barracks  
  67  4:46  SCV, Barracks, Factory Reactor  
  67  4:49  Refinery  
  67  4:51  Marine  
  67  4:52  Refinery  
  69  4:53  Starport Reactor  
  69  4:55  SCV  
  69  4:56  Orbital Command  
  69  4:58  SCV, Engineering Bay  
  71  5:00  Engineering Bay  
  71  5:08  Marine, SCV  
  71  5:10  SCV  
  72  5:18  Supply Depot  
  72  5:19  Supply Depot  
  72  5:20  SCV  
  73  5:23  SCV  
  73  5:26  Marine, Armory  
  75  5:32  SCV  
  75  5:34  SCV  
  77  5:36  Terran Infantry Armor Level 1, Terran Infantry Weapons Level 1  
  77  5:38  Factory Reactor  
  77  5:39  Marine x2  
  77  5:40  SCV  
  80  5:44  Marine, SCV  
  80  5:45  Marine  
  80  5:46  Marine, SCV  
  85  5:52  SCV  
  85  5:56  SCV, Supply Depot  
  85  5:57  Marine x2, Supply Depot  
  87  5:58  SCV  
  87  6:00  Medivac  
  92  6:04  SCV  
  92  6:09  Supply Depot, Combat Shield  
  93  6:17  Barracks  
  93  6:18  SCV x3, Medivac  
  98  6:19  Barracks  
  98  6:20  Marine  
  98  6:22  Marine  
  98  6:23  Marine x3  
  100  6:30  SCV x3, Widow Mine  
  100  6:31  Widow Mine  
  107  6:34  Medivac  
  107  6:39  Marine  
  110  6:40  Marine  
  110  6:42  Supply Depot, SCV x2  
  110  6:45  Marine x2  
  110  6:46  Marine  
  116  6:54  Supply Depot  
  116  6:55  Refinery  
  116  6:56  Marine  
  116  7:00  Supply Depot  
  117  7:03  Marine x2, Medivac  
  117  7:04  Barracks Reactor, Widow Mine x2  
  117  7:05  Supply Depot  
  117  7:06  Barracks Reactor, Supply Depot  
  125  7:16  Marine x3  
  125  7:17  Medivac  
  125  7:19  Factory  
  130  7:25  Widow Mine x2  
  130  7:29  Command Center  
  134  7:30  Marine x2  
  134  7:32  Terran Infantry Weapons Level 2  
  134  7:33  Marine, Medivac  
  134  7:34  Marine  
  140  7:41  Marine x3  
  140  7:43  Marine x2  
  145  7:46  Widow Mine x2  
  145  7:48  Marine x2  
  134  7:52  SCV x2  
  134  7:53  SCV  
  134  7:54  Marine x2  
  137  7:58  Marine  
  137  7:59  Marine x2  
  137  8:04  Marine x2, SCV x2  
  137  8:05  SCV  
  145  8:08  Widow Mine x2  
  145  8:09  Marine x2  
  145  8:12  Marine  
  152  8:16  SCV  
  152  8:17  SCV x2  
  152  8:18  Marine  
  152  8:19  Marine x2  
  155  8:21  Factory Tech Lab  
  155  8:24  Medivac  
  155  8:28  Marine x2  
  155  8:32  Supply Depot  
  155  8:34  SCV x3  
  160  8:37  Sensor Tower  
  160  8:41  Drilling Claws  
  160  8:45  Widow Mine x2  
  160  8:46  SCV x3  
  167  8:51  Marine x3  
  167  8:52  Marine x2  
  167  8:53  Terran Infantry Armor Level 2  
  167  8:55  Marine  
  163  8:58  Marine, SCV x2  
  163  8:59  Marine  
  153  9:03  Marine  
  153  9:05  Medivac x2  
  153  9:08  Marine  
  153  9:09  Marine x3  
  156  9:10  Marine  
  156  9:13  Marine, Widow Mine  
  156  9:16  Marine x2  
  163  9:17  Planetary Fortress  
  163  9:21  Marine  
  163  9:22  SCV x3  
  167  9:26  Marine  
  165  9:34  Marine, SCV x3  
  165  9:38  Widow Mine x2  
  157  9:45  Widow Mine  
  159  9:46  SCV  
  159  9:47  Medivac x2  
  159  9:49  Terran Vehicle And Ship Armor Level 1  
  159  9:50  Barracks  
  159  9:51  Barracks  
  159  9:52  Barracks  
  164  9:55  SCV x2  
  164  9:56  SCV  
  164  9:59  Widow Mine x2  
  161  10:06  Widow Mine  
  163  10:08  Marine x2  
  163  10:12  Marine  
  163  10:14  Marine x6  
  166  10:17  Medivac x2  
  166  10:21  Widow Mine x2  
  173  10:23  Terran Infantry Weapons Level 3  
  173  10:25  Marine  
  173  10:26  Marine  
  173  10:27  Widow Mine  
  173  10:28  SCV x2  
  179  10:29  Marine  
  179  10:32  Marine x5  
  185  10:36  Marine  
  185  10:37  Barracks Tech Lab x2  
  185  10:38  Command Center  
  185  10:39  Barracks Tech Lab  
  185  10:42  Widow Mine  
  188  10:48  Widow Mine  
  188  10:49  Widow Mine  
  179  10:50  Marine x4, Marauder  
  179  10:53  Marine  
  179  10:54  Marine  
  187  11:02  Medivac x2  
  187  11:03  Widow Mine  
  180  11:10  Widow Mine x2  
  184  11:13  Marine x2  
  184  11:16  Marauder  
  188  11:19  Supply Depot  
  188  11:20  Supply Depot, Marauder x2  
  188  11:21  Marauder  
  188  11:23  Marine x2  
  188  11:25  Widow Mine  
  194  11:37  Marauder  
  194  11:39  Marine  
  180  11:40  Marine  
  180  11:42  Marauder x3  
  180  11:44  Ghost Academy, Liberator x2  
  180  11:46  Marine x6, Refinery x2  
  195  11:53  Command Center  
  195  11:57  Marine x2  
  195  11:59  Marauder  
  199  12:03  Marine x2, Marauder x2  
  199  12:04  Marine x3  
  199  12:05  Marine x2  
  200  12:20  Marauder  
  198  12:30  Ghost  
  198  12:35  Missile Turret  
  196  12:40  Command Center  
  196  12:48  Ghost x2  
  200  12:58  Enhanced Shockwaves  
  200  13:02  Concussive Shells, Command Center  
  200  13:07  Missile Turret  
  200  13:16  Ghost  
  200  13:18  Ghost  
  198  13:20  Orbital Command  
  198  13:25  Ghost, Command Center  
  200  13:33  Missile Turret  
  200  13:37  Missile Turret  
  200  13:44  Terran Ship Weapons Level 1  
  192  13:52  Orbital Command  
  190  13:56  Ghost x4  
  190  13:58  Orbital Command, Widow Mine  
  197  14:05  SCV x4  
  197  14:07  Missile Turret  
  197  14:09  Missile Turret  
  163  14:24  Ghost  
  163  14:25  Ghost  
  163  14:26  Ghost  
  163  14:27  Ghost  
  163  14:29  Liberator x2  
  169  14:35  Refinery  
  169  14:36  SCV x3, Missile Turret  
  169  14:37  Orbital Command  
  169  14:38  Orbital Command  
  172  14:39  Orbital Command  
  172  14:40  Orbital Command  
  172  14:44  Orbital Command  
  174  14:45  Widow Mine  
  174  14:47  Widow Mine x2  
  174  14:48  Missile Turret  
  174  14:50  SCV  
  174  14:52  SCV x2  
  170  14:53  Ghost x2  
  170  14:55  SCV  
  176  15:02  SCV  
  176  15:03  Sensor Tower  
  176  15:04  SCV x2  
  179  15:07  SCV x2  
  179  15:08  SCV x2  
  179  15:12  Widow Mine x3  
  192  15:16  SCV x2  
  192  15:17  SCV  
Show
View Real Time Build Order
Export as new Build Order

Serral Zerg - Winner!

Build Orders: Hatch First, Lurkers 

Get SALT Encoding   

  12  0:00  Drone  
  13  0:11  Overlord  
  13  0:16  Drone  
  14  0:30  Drone x2  
  16  0:48  Hatchery  
  15  0:51  Drone  
  15  0:54  Drone  
  17  0:57  Drone  
  18  1:08  Extractor  
  17  1:13  Spawning Pool  
  17  1:17  Drone  
  17  1:19  Drone  
  18  1:28  Drone  
  19  1:38  Drone  
  20  1:48  Drone  
  21  1:59  Queen x2  
  21  2:00  Zergling x4  
  27  2:11  Drone, Overlord  
  28  2:22  Hatchery  
  27  2:29  Spore Crawler  
  25  2:30  Drone  
  25  2:31  Drone  
  27  2:38  Drone  
  27  2:39  Drone  
  27  2:40  Metabolic Boost  
  30  2:46  Queen  
  32  2:52  Overlord  
  32  2:54  Drone  
  32  2:56  Drone  
  34  2:58  Drone  
  34  3:03  Overlord  
  35  3:10  Drone  
  35  3:11  Drone x3  
  39  3:16  Queen  
  41  3:21  Drone  
  41  3:22  Drone  
  41  3:26  Queen  
  45  3:30  Drone  
  46  3:34  Queen  
  46  3:37  Overlord  
  48  3:42  Drone  
  48  3:43  Drone  
  48  3:44  Zergling x4  
  48  3:46  Drone  
  48  3:48  Drone  
  54  3:49  Drone  
  54  3:54  Queen  
  57  3:58  Overlord  
  57  4:00  Drone x2  
  59  4:05  Queen  
  59  4:08  Drone  
  59  4:09  Drone x2  
  64  4:16  Queen, Overlord  
  66  4:19  Overlord  
  66  4:31  Overlord  
  66  4:35  Zergling x6  
  66  4:36  Drone x5  
  74  4:38  Zergling x4  
  74  4:39  Drone  
  74  4:40  Drone x2  
  74  4:43  Lair  
  74  4:45  Extractor  
  78  4:48  Zergling x2  
  78  4:49  Drone x2  
  78  4:51  Drone, Baneling Nest  
  81  4:53  Overlord  
  81  4:55  Zergling x2  
  81  4:57  Drone  
  82  5:02  Spore Crawler, Drone  
  82  5:03  Spore Crawler  
  82  5:05  Extractor  
  80  5:09  Drone x2  
  82  5:14  Hatchery  
  82  5:15  Zergling x2  
  82  5:16  Drone, Overlord  
  82  5:18  Drone  
  84  5:21  Drone  
  84  5:22  Extractor  
  84  5:23  Drone x2  
  84  5:25  Drone  
  87  5:32  Evolution Chamber  
  87  5:33  Evolution Chamber  
  87  5:34  Drone x4  
  87  5:35  Drone  
  90  5:36  Queen  
  90  5:41  Drone  
  91  5:43  Drone  
  91  5:44  Drone  
  91  5:45  Centrifical Hooks  
  91  5:48  Overlord  
  91  5:49  Drone x2  
  95  5:51  Overlord  
  95  5:54  Drone x2  
  95  5:56  Drone x2  
  99  6:00  Zerg Melee Weapons Level 1  
  99  6:01  Zerg Ground Armor Level 1  
  99  6:02  Overseer  
  99  6:08  Zergling x10  
  103  6:11  Zergling x6  
  103  6:16  Drone  
  103  6:17  Drone x2  
  107  6:22  Overlord  
  107  6:25  Zergling x2, Queen  
  107  6:28  Baneling x8  
  107  6:29  Baneling  
  107  6:32  Zergling x6  
  112  6:35  Drone  
  112  6:36  Overlord  
  112  6:39  Overlord  
  113  6:42  Zergling x6  
  116  6:47  Drone  
  116  6:48  Overlord  
  116  6:49  Hatchery  
  116  6:50  Baneling x6  
  116  6:57  Baneling x2  
  116  6:58  Baneling x2  
  116  7:00  Drone x4  
  120  7:02  Spore Crawler, Hatchery  
  120  7:04  Overseer, Overlord  
  120  7:06  Burrow  
  120  7:08  Zergling x2, Overlord  
  118  7:09  Zergling x6  
  118  7:12  Overlord  
  118  7:15  Zergling x10  
  127  7:17  Zergling x2  
  128  7:24  Drone  
  128  7:25  Overlord  
  128  7:28  Extractor, Drone x2  
  128  7:29  Extractor  
  129  7:35  Drone x3  
  132  7:37  Drone x3  
  132  7:39  Baneling x6  
  132  7:42  Zergling x16  
  143  7:51  Zergling x6  
  137  7:55  Zergling x10  
  143  8:01  Zergling x6  
  143  8:02  Hydralisk Den  
  143  8:04  Infestation Pit  
  137  8:06  Baneling x5  
  137  8:08  Zerg Melee Weapons Level 2  
  137  8:10  Zergling x12  
  143  8:18  Zergling x10  
  145  8:21  Zerg Ground Armor Level 2  
  145  8:26  Baneling x5  
  144  8:28  Overlord x2  
  144  8:29  Zergling x24  
  156  8:39  Zergling x14  
  161  8:43  Hive  
  161  8:45  Queen  
  160  8:50  Zergling x2  
  160  8:52  Zergling x18  
  160  8:54  Baneling x5  
  159  8:57  Zergling x6  
  159  8:58  Zergling x8  
  153  9:04  Zergling x6  
  154  9:15  Zergling x16  
  162  9:21  Drone x7  
  162  9:23  Extractor, Baneling x8  
  168  9:24  Pneumatized Carapace  
  168  9:25  Overseer, Overlord  
  168  9:26  Zergling x8  
  168  9:27  Extractor, Overseer  
  166  9:32  Zergling x8  
  166  9:36  Zergling x2  
  155  9:38  Zergling x4  
  157  9:47  Spore Crawler  
  157  9:49  Drone x2  
  157  9:50  Spore Crawler x2  
  157  9:51  Lurker Den, Baneling x10  
  157  9:52  Zergling x28  
  163  10:05  Baneling x9  
  163  10:09  Viper x2  
  163  10:11  Zergling x6  
  163  10:12  Zergling x18  
  153  10:22  Baneling  
  153  10:23  Zergling x26, Baneling x6  
  161  10:30  Hydralisk  
  161  10:31  Hydralisk x4  
  161  10:33  Drone  
  172  10:36  Drone x4  
  172  10:38  Baneling x2  
  172  10:39  Baneling x4  
  174  10:49  Zerg Ground Armor Level 3, Zerg Missile Weapons Level 1  
  164  10:52  Extractor  
  164  10:53  Drone x4  
  164  10:54  Extractor, Drone x2  
  166  10:58  Zergling x14  
  166  10:59  Zergling x2  
  166  11:03  Zergling x10  
  167  11:06  Adaptive Talons  
  167  11:11  Hatchery  
  167  11:13  Overlord  
  167  11:14  Lurker  
  167  11:15  Lurker x2  
  167  11:17  Lurker x2  
  165  11:25  Zergling x6  
  165  11:26  Zergling x16  
  165  11:27  Baneling x3  
  165  11:28  Baneling x2  
  162  11:40  Zergling x28  
  162  11:42  Drone  
  174  11:48  Muscular Augments  
  174  11:54  Drone x5  
  178  12:00  Baneling x7  
  179  12:03  Seismic Spines  
  179  12:06  Hydralisk x4  
  170  12:19  Hatchery  
  170  12:21  Hydralisk  
  170  12:22  Hydralisk x5  
  174  12:26  Overseer  
  174  12:29  Zergling x24  
  185  12:36  Zergling x16  
  189  12:40  Overseer  
  189  12:42  Overseer  
  189  12:48  Lurker x6  
  195  12:52  Overlord x2  
  192  13:06  Hydralisk  
  192  13:07  Overseer  
  192  13:10  Hydralisk x5  
  197  13:17  Baneling x8  
  197  13:18  Baneling x3  
  197  13:23  Zerg Missile Weapons Level 2  
  197  13:25  Overseer  
  197  13:26  Hydralisk  
  199  13:29  Baneling x8  
  199  13:33  Grooved Spines  
  199  13:35  Viper x2  
  199  13:40  Hydralisk x3  
  199  13:45  Overseer  
  197  14:00  Overseer x2  
  197  14:03  Hydralisk  
  197  14:09  Hydralisk  
  194  14:10  Hydralisk x2  
  197  14:19  Zergling x18  
  196  14:27  Hydralisk x2  
  196  14:28  Hydralisk  
  199  14:34  Spore Crawler  
  199  14:35  Spore Crawler  
  192  14:50  Zergling x4  
  192  14:51  Zergling x20  
  199  14:57  Overseer  
  196  15:27  Extractor x2  

Tags
 
Add a new tag
Caveats
  • Supply blocks, unpowered buildings, or Contaminate may cause inaccurate times.
  • Supply counts are checked every 10 seconds.